 Dungeon Crawl Stone Soup version 0.29.1-15-g9cfb28693d (webtiles) character file.

Game seed: 9756021165255458874

12 Artool the Trooper (level 2, -8/24 HPs)
             Began as a Demonspawn Fighter on Apr 11, 2023.
             Mangled by a kobold
             ... wielding a +0 dagger of distortion
              (21 damage)
             ... on level 1 of the Dungeon.
             The game lasted 00:00:56 (383 turns).

Artool the Trooper (Demonspawn Fighter)              Turns: 383, Time: 00:00:56

Health: -8/24      AC:  7    Str: 16    XL:     2   Next: 20%
Magic:  2/2        EV:  9    Int:  9    God:
Gold:   17         SH:  4    Dex: 12    Spells: 1/1 levels left

rFire   . . .      SeeInvis .   a - +0 flail
rCold   . . .      Faith    .   c - +0 buckler
rNeg    . . .      Spirit   .   b - +0 scale mail
rPois   .          Reflect  .   (no helmet)
rElec   .          Harm     .   (no cloak)
rCorr   .          Rampage  .   (no gloves)
Will    .....                   e - +0 pair of boots
Stlth   ..........              (no amulet)
HPRegen 0.08/turn               (no ring)
MPRegen 0.08/turn               (no ring)

@: no status effects
A: sturdy frame 1
a: no special abilities


You were on level 1 of the Dungeon.
You visited 1 branch of the dungeon, and saw 1 of its levels.

You collected 17 gold pieces.

Inventory:

Hand Weapons
 a - a +0 flail (weapon)
Armour
 b - a +0 scale mail (worn)
 c - a +0 buckler (worn)
 e - a +0 pair of boots (worn)
Potions
 d - a potion of might
 f - a potion of curing {unknown}


   Skills:
 - Level 3.0 Fighting
 + Level 2.1 Maces & Flails
 + Level 2.9 Armour
 + Level 2.9 Shields


You had one spell level left.
You didn't know any spells.
Your spell library was empty.

Dungeon Overview and Level Annotations

Branches:
Dungeon (1/15)

Altars:


Innate Abilities, Weirdness & Mutations

Your movements are slightly less encumbered by armour. (ER -2)


Message History

There is a faded altar of an unknown god here.
You open the door.
There is an open door here.
You open the door.
There is an open door here.
A hobgoblin comes into view.
The hobgoblin shouts!
You see here 7 gold pieces.
A hobgoblin is nearby!
A hobgoblin is nearby!
The hobgoblin hits you.
A hobgoblin is nearby!
You barely miss the hobgoblin.
The hobgoblin hits you but does no damage.
You closely miss the hobgoblin. The hobgoblin hits you.
A hobgoblin is nearby!
You hit the hobgoblin.
The hobgoblin is lightly wounded.
The hobgoblin hits you.
You thump the hobgoblin!
You kill the hobgoblin!
No target in view!
You now have 17 gold pieces (gained 7).
You see here a hobgoblin corpse.
A kobold comes into view.
It is wielding a +0 dagger of distortion.
The kobold shouts!
The kobold throws a stone.
The stone closely misses you.
A rat comes into view.
The kobold throws a stone.
The stone barely misses you.
A bat comes into view.
The bat moves out of view.
Found a sling.
The kobold hits you but does no damage. Space warps horribly around you.
You closely miss the kobold. The kobold hits you but does no damage.
Space warps around you.
You closely miss the kobold. The bat barely misses you.
You block the bat's attack. The kobold hits you but does no damage.
Space warps horribly around you!!
Ouch! That really hurt!
You die...

... #......# #...#
#.....# ....# .####
..... ....
########## ...#.
).##........# .....
...........# ....#
#.........# ....#
#####.Kr......#
....#
......b@......#
###.#
#####.........#
###.# #.........#
..#.# .....###.#####
#.#.##############.#
#.#................#
#.#.################
'.#.# ###.#


You could see a bat, a kobold and a rat.

Vanquished Creatures
  2 giant cockroaches (D:1)
  A goblin (D:1)
  3 hobgoblins (D:1)
  A kobold (D:1)
  2 bats (D:1)
  2 frilled lizards (D:1)
11 creatures vanquished.

Vanquished Creatures (others)
  6 plants (D:1)
6 creatures vanquished.

Grand Total: 17 creatures vanquished

Notes
Turn   | Place    | Note
-------+----------+-------------------------------------------
     0 | D:1      | Artool the Demonspawn Fighter began the quest for the Orb.
     0 | D:1      | Reached XP level 1. HP: 18/18 MP: 1/1
   156 | D:1      | Gained mutation: Your movements are slightly less
                  | encumbered by armour. (ER -2) [demonic ancestry]
   156 | D:1      | Reached XP level 2. HP: 20/24 MP: 2/2
   206 | D:1      | Found a faded altar of an unknown god.
   383 | D:1      | Mangled by a kobold

Illustrated notes

Levels and vault maps discovered:
D:1:      spicycebolla_arrival_clurvy, layout_basic,
          shapermc_ecumenical_altar_ellora

Skill      XL: |  1 |
---------------+----+-----
Maces & Flails | 2 |  2.1
Fighting       | |  3.0
Armour         | |  2.9
Shields        | |  2.9

Action                   || total
-------------------------++-------
Melee: Flail             ||    27
Armor: Scale mail        ||    12
Dodge: Dodged            ||    11
Block: Buckler           ||     5
